[Event "*** Titled Tuesday Blitz"]
[Site "Chess.com"]
[Date "2020.12.01"]
[Round "5"]
[White "Colombiano07"]
[Black "Semetey"]
[Result "0-1"]
[WhiteElo "2287"]
[BlackElo "2583"]
[TimeControl "180+1"]
[EndTime "10:53:09 PST"]
[Termination "Semetey won by resignation"]

1. d4 Nf6 2. Nf3 g6 3. e3 Bg7 4. Be2 O-O 5. O-O c5 6. c4 cxd4 7. exd4 d5 8. b3 Nc6 9. Nc3 Bg4 10. Be3 Rc8 11. h3 Bxf3 12. Bxf3 dxc4 13. bxc4 Na5 14. c5 b6 15. Qa4 a6 16. cxb6 Qxb6 17. Rab1 Qd8 18.
Rfc1 Nc4 19. Qxa6 Nxe3 20. fxe3 Bh6 21. Qe2 Qa5 22. Ne4 Nd5 23. Rxc8 Rxc8 24. Rb5 Bxe3+ 25. Kh1 Rc1+ 26. Kh2 Qc7+ 27. g3 Rc2 0-1

[Event "*** Titled Tuesday Blitz"]
[Site "Chess.com"]
[Date "2020.12.01"]
[Round "5"]
[White "Infernal_XaM"]
[Black "banane_verte"]
[Result "1-0"]
[WhiteElo "2833"]
[BlackElo "2486"]
[TimeControl "180+1"]
[EndTime "10:53:19 PST"]
[Termination "Infernal_XaM won by checkmate"]

1. d4 Nf6 2. c4 e6 3. Nc3 Bb4 4. Bd2 b6 5. f3 Bb7 6. e4 Bxc3 7.
Bxc3 Nxe4 8. fxe4 Qh4+ 9. Kd2 Qf4+ 10. Kc2 Bxe4+ 11. Bd3 Bxg2 12. Ne2 Qf2 13. Rg1 Nc6 14. Qe1 Qf3 15. d5 Ne7 16. Nd4 Qg4 17. Qf2 O-O-O 18.
Rxg2 Qh3 19. Rg3 Qh4 20. Nb5 exd5 21. Bxg7 Rhg8 22. Bf6 Qh5 23. Bxe7 dxc4 24. Bxc4 Rxg3 25. hxg3 Re8 26. Qxf7 Qxf7 27. Bxf7 Rxe7 28. Bc4 Rg7 29. Rg1 c6 30. Nd6+ Kd8 31. Nf5 Rg4 32. Be2 Rg5 33. Nh4 d5 34. Nf3 Rg7 35. g4 Kc7 36. g5 c5 37. Rh1 Kd6 38. Rh6+ Kc7 39. Bd3 c4 40.
Bf5 Kb7 41. Rxh7 Rxh7 42. Bxh7 d4 43. Nxd4 c3 44. Be4+ Ka6 45. bxc3 b5 46. g6 Ka5 47. g7 Ka4 48. g8=Q a5 49. Qb3# 1-0

[Event "*** Titled Tuesday Blitz"]
[Site "Chess.com"]
[Date "2020.12.01"]
[Round "5"]
[White "machinegun1"]
[Black "BAS8892"]
[Result "0-1"]
[WhiteElo "2526"]
[BlackElo "2721"]
[TimeControl "180+1"]
[EndTime "10:53:21 PST"]
[Termination "BAS8892 won by resignation"]

1. e4 c5 2. Nf3 d6 3. d4 cxd4 4.
Nxd4 Nf6 5. Nc3 a6 6. Bc4 e6 7. g4 h6 8. Bb3 b5 9. a3 Bb7 10. Qe2 Nbd7 11. Rg1 Nc5 12. f3 Nxb3 13. cxb3 Be7 14.
Be3 Rc8 15. h4 d5 16. g5 hxg5 17. hxg5 e5 18. gxf6 Bxf6 19. O-O-O exd4 20. Bxd4 O-O 21. e5 Bg5+ 22. Kb1 Bh6 23. Rg4 Rc6 24. Rh1 Bc8 25. Rgh4 Bf5+ 26. Ka2 Re8 27. f4 Rg6 28. Qf3 Qd7 29.
Bc5 d4 30. Nd5 d3 31. Nf6+ gxf6 32. Rxh6 Rxh6 33. Rxh6 d2 34. Qh5 Bb1+ 35. Ka1 Bh7 36. Rxh7 d1=Q+ 37. Ka2 Qxh5 38. Rxh5 fxe5 0-1

[Event "*** Titled Tuesday Blitz"]
[Site "Chess.com"]
[Date "2020.12.01"]
[Round "5"]
[White "ajedrezsinlimites"]
[Black "alexrustemov"]
[Result "1-0"]
[WhiteElo "2500"]
[BlackElo "2620"]
[TimeControl "180+1"]
[EndTime "10:53:21 PST"]
[Termination "ajedrezsinlimites won by resignation"]

1. e4 e6 2. d4 d5 3. exd5 exd5 4. Bd3 Nc6 5. c3 Bd6 6. Nf3 Bg4 7. O-O Nge7 8. a4 Qd7 9. b4 Bf5 10. Re1 Bxd3 11.
Qxd3 O-O 12. Be3 Qf5 13. Qxf5 Nxf5 14. Nbd2 Rfe8 15. Kf1 h5 16. Nb3 f6 17. h4 Kf7 18.
g3 a6 19. Na5 Nxa5 20. bxa5 Ne7 21. Rab1 Reb8 22. Nd2 Nc6 23. Nb3 b6 24. axb6 Rxb6 25.
Nd2 Rab8 26. Rxb6 cxb6 27. Rb1 Na5 28. Ke2 Ke6 29. Kd3 Kd7 30. c4 Kc6 31. cxd5+ Kxd5 32. Ne4 Rb7 33. Bd2 f5 34. Nxd6 Kxd6 35. Bxa5 b5 36. axb5 axb5 37. Bb4+ Kd5 38. Rc1 Ra7 39. Rc5+ Ke6 40.
Rxb5 Ra1 41. Rb6+ Kf7 42. d5 Rd1+ 43. Bd2 1-0

[Event "*** Titled Tuesday Blitz"]
[Site "Chess.com"]
[Date "2020.12.01"]
[Round "5"]
[White "beto-betun"]
[Black "Synctel"]
[Result "1-0"]
[WhiteElo "2203"]
[BlackElo "1992"]
[TimeControl "180+1"]
[EndTime "10:53:21 PST"]
[Termination "beto-betun won on time"]

1. d4 Nf6 2. Nf3 d5 3. g3 c6 4.
Bg2 Bf5 5. O-O e6 6. c4 Be7 7. b3 h6 8. Bb2 O-O 9. Nbd2 Ne4 10.
Ne5 Nxd2 11. Qxd2 Nd7 12. Nd3 Nf6 13. f3 Bh7 14. c5 Nd7 15. b4 Bf6 16. e4 Re8 17. e5 Bg5 18. f4 Be7 19. a4 f6 20.
Bh3 Bf8 21. Bc3 Bxd3 22. Qxd3 f5 23. b5 g5 24. Rab1 Rb8 25. Rb2 Kh8 26. bxc6 bxc6 27. Rxb8 Nxb8 28. Rb1 gxf4 29. gxf4 Qh4 30. Qg3 Be7 31.
Qxh4 Bxh4 32. Rb7 1-0

[Event "*** Titled Tuesday Blitz"]
[Site "Chess.com"]
[Date "2020.12.01"]
[Round "5"]
[White "chidori_boruto"]
[Black "Deepweb2020"]
[Result "1-0"]
[WhiteElo "2651"]
[BlackElo "2292"]
[TimeControl "180+1"]
[EndTime "10:53:24 PST"]
[Termination "chidori_boruto won by resignation"]

1. c4 Nf6 2. g3 e6 3. Bg2 d5 4. Nf3 dxc4 5. Qa4+ Bd7 6. Qxc4 b5 7. Qc2 a5 8. Ne5 Ra6 9. O-O Bd6 10. Nxd7 Nbxd7 11. Nc3 Rb6 12. d3 O-O 13. Be3 Rb8 14.
Rac1 Qe7 15. Rfd1 b4 16. Na4 Nd5 17. Bd2 f5 18. e4 N5b6 19. f4 fxe4 20. dxe4 e5 21. Rf1 Nxa4 22. Qxa4 Nc5 23. Qxa5 Ra8 24. Qxb4 Kh8 25. Qc4 Ra4 26. b4 Na6 27. Qb3 Qe8 28. fxe5 Rxf1+ 29. Rxf1 Bxb4 30. Bxb4 Rxb4 31. Qa3 Qa8 32.
Qxa6 1-0

[Event "*** Titled Tuesday Blitz"]
[Site "Chess.com"]
[Date "2020.12.01"]
[Round "5"]
[White "GoltsevDmitry2000"]
[Black "champ2005"]
[Result "0-1"]
[WhiteElo "2640"]
[BlackElo "3007"]
[TimeControl "180+1"]
[EndTime "10:53:25 PST"]
[Termination "champ2005 won by resignation"]

1. e4 e5 2. Nf3 Nc6 3. Bb5 a6 4. Ba4 Nf6 5. O-O Be7 6. Re1 b5 7. Bb3 O-O 8. c3 d6 9. h3 Nd7 10. d4 Nb6 11. Be3 exd4 12. cxd4 Bf6 13. Nc3 Bb7 14.
a4 Na5 15. axb5 axb5 16. e5 Bxf3 17. Qxf3 Nxb3 18. Rxa8 Qxa8 19. Qxa8 Rxa8 20. exf6 b4 21. Ne4 Nd5 22. fxg7 Kxg7 23. Nd2 Nxd2 24. Bxd2 Ra2 25. Rb1 b3 26. Kf1 Nb6 27. Ke2 Na4 28. d5 Kg6 29. Kd3 Nxb2+ 30. Kc3 Na4+ 31. Kxb3 Rxd2 32. Kxa4 Rxd5 33. Rb2 c5 34. Kb5 Rd4 35. Kc6 c4 36. Rc2 d5 37. Kc5 Rd3 38. Re2 c3 39. g3 d4 40. Rc2 Rd2 41. Rc1 c2 0-1

[Event "*** Titled Tuesday Blitz"]
[Site "Chess.com"]
[Date "2020.12.01"]
[Round "5"]
[White "Karacsonyi_Gellert"]
[Black "Hikaru"]
[Result "0-1"]
[WhiteElo "2664"]
[BlackElo "3184"]
[TimeControl "180+1"]
[EndTime "10:53:27 PST"]
[Termination "Hikaru won by resignation"]

1. e4 g6 2. d4 Bg7 3. Nc3 a6 4. Nf3 b5 5. Be3 Bb7 6. Bd3 d6 7. O-O Nd7 8. a3 Ngf6 9. Qd2 e5 10. Bh6 O-O 11. Bxg7 Kxg7 12. dxe5 dxe5 13. Qg5 h6 14.
Qg3 Qe7 15. Rad1 Rad8 16. Rfe1 Rfe8 17. Bf1 Nh5 18. Qh4 Ndf6 19. Rxd8 Rxd8 20. Bd3 Nf4 21. Nd5 N6xd5 22. exd5 Qxh4 23. Nxh4 Nxd3 24. cxd3 Rxd5 25. Nf3 Rxd3 26. Nxe5 Rd2 27. b4 Rc2 28. h3 Bd5 29.
Nd7 Rc3 30. Re3 Rc1+ 31. Kh2 Rc2 32. Kg3 g5 33. Nc5 f5 34. Re7+ Kf6 35. Rxc7 f4+ 36. Kg4 Kg6 37. h4 h5+ 38. Kh3 g4+ 39. Kh2 Rxf2 40. Rd7 g3+ 41. Kg1 Rxg2+ 42. Kf1 Rf2+ 43. Ke1 Bc4 44. Nd3 Bxd3 45. Rxd3 Kf5 46. Rd6 Ra2 47.
Rxa6 g2 0-1

[Event "*** Titled Tuesday Blitz"]
[Site "Chess.com"]
[Date "2020.12.01"]
[Round "5"]
[White "MomchilPetkov"]
[Black "Luklei18"]
[Result "0-1"]
[WhiteElo "2639"]
[BlackElo "2451"]
[TimeControl "180+1"]
[EndTime "10:53:30 PST"]
[Termination "Luklei18 won by resignation"]

1. d4 Nf6 2. Bg5 d5 3. e3 c5 4. Bxf6 exf6 5. c3 Nc6 6. Nf3 Bg4 7. Be2 c4 8. O-O Bd6 9. Nbd2 f5 10. b3 b5 11. a4 a6 12. axb5 axb5 13. Rxa8 Qxa8 14. bxc4 bxc4 15. Nh4 Bxe2 16. Qxe2 g6 17. g4 Qd8 18. Ng2 fxg4 19. Qxg4 O-O 20. Qf3 Ne7 21. Nf4 Qc7 22. Nxd5 Nxd5 23. Qxd5 Bxh2+ 24. Kg2 Rd8 25. Qxc4 Qe7 26. Nf3 Qe4 27. Kxh2 Qxf3 28. Qc7 Rd5 29. Qg3 Rh5+ 0-1

[Event "*** Titled Tuesday Blitz"]
[Site "Chess.com"]
[Date "2020.12.01"]
[Round "5"]
[White "pedromartinez91"]
[Black "MikeSailer"]
[Result "1-0"]
[WhiteElo "2451"]
[BlackElo "2157"]
[TimeControl "180+1"]
[EndTime "10:53:30 PST"]
[Termination "pedromartinez91 won on time"]

1. Nf3 d5 2. b3 Nf6 3. Bb2 Bf5 4. e3 e6 5. Be2 Be7 6. Nh4 Bg6 7.
d3 c5 8. Nd2 Nc6 9. h3 a5 10. a4 O-O 11. f4 Nd7 12. Nxg6 hxg6 13. O-O Bf6 14. c3 Rb8 15. e4 b5 16. e5 Be7 17. axb5 Rxb5 18. d4 c4 19. Rb1 Qb6 20. Ba1 a4 21. bxc4 dxc4 22. Nxc4 Qa6 23. Nd2 Rxb1 24. Bxa6 Rxd1 25. Rxd1 Nb6 26. Nc4 Nd5 27. Bb5 Rc8 28. Bxa4 Na7 29. Nd6 Rb8 30. Bc2 Ne3 31.
Rb1 Bxd6 32. exd6 Rd8 33. Be4 Rxd6 34. Rb7 Nc6 35. Rb6 Nxd4 36. Rxd6 1-0

[Event "*** Titled Tuesday Blitz"]
[Site "Chess.com"]
[Date "2020.12.01"]
[Round "5"]
[White "Isajevsky_Anton"]
[Black "Lukianoo"]
[Result "1-0"]
[WhiteElo "2580"]
[BlackElo "2750"]
[TimeControl "180+1"]
[EndTime "10:53:31 PST"]
[Termination "Isajevsky_Anton won by resignation"]

1. c4 Nf6 2. Nc3 e6 3. Nf3 Bb4 4. Qc2 O-O 5. a3 Bxc3 6. Qxc3 b6 7. b4 Bb7 8. Bb2 d6 9. e3 e5 10.
Be2 Nbd7 11. O-O Ne4 12. Qc2 f5 13. d4 Ng5 14. d5 Nxf3+ 15. Bxf3 Qe7 16. e4 f4 17. Bg4 Nf6 18. Be6+ Kh8 19. f3 Bc8 20. Bxc8 Raxc8 21. Rac1 g5 22. c5 bxc5 23. bxc5 g4 24. cxd6 cxd6 25. Qxc8 Rxc8 26. Rxc8+ Ng8 27. Bc3 g3 28.
Rb1 Kg7 29. Ba5 gxh2+ 30. Kh1 Qh4 31. Rb7+ Kh6 32. Rxg8 1-0

[Event "*** Titled Tuesday Blitz"]
[Site "Chess.com"]
[Date "2020.12.01"]
[Round "5"]
[White "RD4ever"]
[Black "Ranindu2003"]
[Result "1-0"]
[WhiteElo "2831"]
[BlackElo "2601"]
[TimeControl "180+1"]
[EndTime "10:53:32 PST"]
[Termination "RD4ever won by resignation"]

1. d4 Nf6 2. c4 e6 3. Nf3 d5 4. g3 Be7 5. Bg2 O-O 6. O-O dxc4 7.
Ne5 c5 8. dxc5 Qc7 9. Nxc4 Qxc5 10. b3 Rd8 11. Qc2 Nc6 12. Ba3 Nb4 13. Qc1 a5 14.
Nc3 Rb8 15. Qf4 Bd7 16. Rac1 b5 17. Nxa5 e5 18. Ne4 Qb6 19. Qxe5 Qxa5 20. Qxe7 Qxa3 21.
Nxf6+ gxf6 22. Rcd1 Re8 23. Qxd7 Nxa2 24. Bd5 Re7 25. Qg4+ Kf8 26. Qf4 Rb6 27. Qh6+ Kg8 28. Rd4 1-0

[Event "*** Titled Tuesday Blitz"]
[Site "Chess.com"]
[Date "2020.12.01"]
[Round "5"]
[White "DoHoChess"]
[Black "shnitez"]
[Result "0-1"]
[WhiteElo "2762"]
[BlackElo "2582"]
[TimeControl "180+1"]
[EndTime "10:53:32 PST"]
[Termination "shnitez won by resignation"]

1. Nf3 Nf6 2. c4 e6 3. g3 b6 4. Bg2 Bb7 5. O-O Be7 6. Nc3 O-O 7. Re1 d5 8. cxd5 exd5 9. d4 Nbd7 10. Bf4 c5 11.
Ne5 cxd4 12. Nb5 g5 13. Bxg5 Nxe5 14. Qxd4 Ned7 15. Qh4 Re8 16. Rac1 Rc8 17. Rxc8 Qxc8 18. Nd4 Qc4 19. Rc1 Qb4 20. a3 Qxb2 21. Nf5 Bf8 22.
Bf3 Ne4 23. Rc7 Ne5 24. Rxb7 Nxf3+ 25. exf3 Qxf2+ 0-1

[Event "*** Titled Tuesday Blitz"]
[Site "Chess.com"]
[Date "2020.12.01"]
[Round "5"]
[White "nikitadovbnya2008"]
[Black "djano"]
[Result "0-1"]
[WhiteElo "2192"]
[BlackElo "2458"]
[TimeControl "180+1"]
[EndTime "10:53:32 PST"]
[Termination "djano won by resignation"]

1. d4 Nf6 2. c4 e6 3. Nf3 b6 4. e3 Bb7 5. Bd3 Bb4+ 6. Nbd2 O-O 7. O-O d5 8. a3 Bd6 9. b4 c5 10. bxc5 bxc5 11. cxd5 Nxd5 12. Ne4 cxd4 13. exd4 Bf4 14. Nc5 Bc6 15. Re1 Nd7 16. Qc2 Nxc5 17. dxc5 h6 18. Bb2 Rb8 19. Rad1 Qa5 20. Ne5 Ba4 21. Qc4 Bxd1 22.
Rxd1 Rxb2 23. Nc6 Qc3 24. Qe4 g6 25. Ne7+ Nxe7 26. Qxf4 Qxd3 0-1

[Event "*** Titled Tuesday Blitz"]
[Site "Chess.com"]
[Date "2020.12.01"]
[Round "5"]
[White "Sanan_Sjugirov"]
[Black "plumalka"]
[Result "1-0"]
[WhiteElo "2880"]
[BlackElo "2489"]
[TimeControl "180+1"]
[EndTime "10:53:33 PST"]
[Termination "Sanan_Sjugirov won by checkmate"]

1. e4 c5 2. Nf3 d6 3. d4 cxd4 4. Nxd4 Nf6 5. Nc3 Bd7 6. Be2 e5 7. Nb3 Bc6 8. Bf3 Be7 9. Be3 a5 10. a4 Na6 11. g4 h6 12. h4 Nb4 13. g5 hxg5 14. hxg5 Rxh1+ 15. Bxh1 Nh7 16. g6 fxg6 17. Nd5 Nxd5 18. exd5 Bd7 19. Be4 Nf8 20. Qd3 Kf7 21. O-O-O Bxa4 22. Rg1 g5 23. Qe2 g6 24. Qf3+ Kg7 25.
Rh1 Bd7 26. Qg2 a4 27. Qh2 axb3 28. Qh8+ Kf7 29. Rh7+ Nxh7 30. Qxh7+ Kf8 31. Qh6+ Kf7 32. Bxg6+ Kf6 33. Bh5+ Kf5 34. Qg6# 1-0

[Event "*** Titled Tuesday Blitz"]
[Site "Chess.com"]
[Date "2020.12.01"]
[Round "5"]
[White "lacafi"]
[Black "anasta10"]
[Result "0-1"]
[WhiteElo "2210"]
[BlackElo "2433"]
[TimeControl "180+1"]
[EndTime "10:53:35 PST"]
[Termination "anasta10 won by resignation"]

1. d4 Nf6 2. Nf3 g6 3. c4 Bg7 4.
Nc3 d5 5. cxd5 Nxd5 6. e4 Nxc3 7. bxc3 O-O 8. Be2 c5 9. O-O Nc6 10. Be3 Qc7 11. Rc1 b6 12. dxc5 Na5 13. cxb6 axb6 14. Bd4 Rd8 15. Qa4 Bd7 16. Qb4 Nc6 17. Qb2 Nxd4 18. cxd4 Qb7 19. Bd3 Bg4 20. Bc4 Bxf3 21. gxf3 Bxd4 22. Qb3 e6 23. Bb5 Qe7 24. f4 Ra3 25.
Qc4 Qh4 26. Qc7 Rxa2 27. Rcd1 Qg4+ 28. Kh1 Qf3+ 29. Kg1 Bxf2+ 0-1

[Event "*** Titled Tuesday Blitz"]
[Site "Chess.com"]
[Date "2020.12.01"]
[Round "5"]
[White "WelshTiger"]
[Black "Nachsueb"]
[Result "1-0"]
[WhiteElo "2463"]
[BlackElo "2204"]
[TimeControl "180+1"]
[EndTime "10:53:37 PST"]
[Termination "WelshTiger won by resignation"]

1. e4 e6 2. d4 d5 3. Nd2 Nf6 4. e5 Nfd7 5. Bd3 c5 6. c3 Nc6 7. Ne2 cxd4 8. cxd4 f6 9. exf6 Qxf6 10. Nf3 Bd6 11. Bg5 Qf7 12. Bh4 Nb4 13. Bb1 e5 14. dxe5 Nxe5 15. Nxe5 Bxe5 16. Qa4+ Nc6 17. Qc2 Nb4 18.
Qd2 a5 19. a3 Nc6 20. Ba2 Be6 21. O-O O-O 22. f4 Bf6 23. Bg3 d4 24. Bb1 Rad8 25.
Bd3 a4 26. Rac1 Rfe8 27. Kh1 Bd5 28. Rc5 Be7 29. Rb5 Bf8 30. Rc1 Qh5 31. Rxd5 Qxd5 32. Bc4 1-0

[Event "*** Titled Tuesday Blitz"]
[Site "Chess.com"]
[Date "2020.12.01"]
[Round "5"]
[White "DrVelja"]
[Black "Lion-Al-Messi"]
[Result "1-0"]
[WhiteElo "2792"]
[BlackElo "2581"]
[TimeControl "180+1"]
[EndTime "10:53:38 PST"]
[Termination "DrVelja won by resignation"]

1. d4 b6 2. e4 Bb7 3. Nc3 e6 4. Bd3 Bb4 5. Ne2 d5 6. e5 Ne7 7. a3 Bxc3+ 8. Nxc3 a6 9. Ne2 c5 10. c3 Nbc6 11. O-O c4 12. Bc2 Na5 13. Ng3 Qc7 14. Nh5 O-O-O 15. Nxg7 Ng6 16. Nh5 Kb8 17. Bg5 Rc8 18.
Qe2 Ka7 19. f4 f5 20. exf6 h6 21. Bxg6 hxg5 22. fxg5 Rcg8 23. f7 Rxg6 24. f8=Q Rxf8 25. Rxf8 Rxg5 26. Raf1 Nb3 27. R1f7 Qd6 28. Nf4 e5 29. Nh3 Rg6 30. Qxe5 Qxe5 31. dxe5 d4 32. Nf4 dxc3 33. bxc3 Rg5 34. e6 Re5 35. e7 Nd2 36. e8=Q Rxe8 37. Rxe8 a5 38. h4 Ka6 39. Rxb7 Kxb7 40. h5 Nb3 41. h6 Nc5 42. h7 Ka6 43. h8=Q Kb5 44. Qd4 Ka4 45. Qxc4+ 1-0

[Event "*** Titled Tuesday Blitz"]
[Site "Chess.com"]
[Date "2020.12.01"]
[Round "5"]
[White "Piotrek1979"]
[Black "Reader777"]
[Result "1-0"]
[WhiteElo "2489"]
[BlackElo "2677"]
[TimeControl "180+1"]
[EndTime "10:53:38 PST"]
[Termination "Piotrek1979 won by resignation"]

1. Nf3 Nf6 2. g3 b5 3. Bg2 Bb7 4. O-O e6 5. a4 b4 6. d3 Be7 7. e4 O-O 8. Nbd2 d6 9. Re1 Nbd7 10. a5 a6 11. d4 e5 12. c3 bxc3 13. bxc3 Rb8 14.
Ba3 exd4 15. cxd4 Re8 16. e5 dxe5 17. dxe5 Bxa3 18. Rxa3 Ng4 19. Nc4 Bxf3 20. Bxf3 Ngxe5 21. Rae3 Nxf3+ 22. Qxf3 Rxe3 23. Rxe3 Nf6 24. Ne5 h6 25. Nc6 Rb1+ 26. Kg2 Qd2 27. Rd3 Qe1 28. Rd8+ Kh7 29. Qf5+ g6 30. Qxf6 Qf1+ 31. Kf3 Rb3+ 32. Kg4 h5+ 33. Kh4 Qc4+ 34. f4 g5+ 35. Qxg5 1-0

[Event "*** Titled Tuesday Blitz"]
[Site "Chess.com"]
[Date "2020.12.01"]
[Round "5"]
[White "rychessmaster1"]
[Black "ljuks68"]
[Result "1-0"]
[WhiteElo "2569"]
[BlackElo "2391"]
[TimeControl "180+1"]
[EndTime "10:53:39 PST"]
[Termination "rychessmaster1 won on time"]

1. d4 d5 2. Nc3 e6 3. Bf4 Nf6 4.
Nb5 Na6 5. e3 Be7 6. Nf3 O-O 7.
Ne5 c5 8. c3 Qb6 9. a4 c4 10. b3 cxb3 11. Qxb3 Ne4 12. Bd3 Nd6 13. O-O f6 14. Nf3 Bd7 15. Qb1 Nxb5 16. axb5 Nc7 17. Bxc7 Qxc7 18. Bxh7+ Kh8 19. Rc1 f5 20. Bg6 Rf6 21.
Ne5 Bd6 22. Nf7+ Kg8 23. Nxd6 Rxg6 24. Rxa7 Rb8 25. Qb4 Qb6 26. Rca1 Kh7 27. f4 Rf6 28. R7a5 g5 29. c4 gxf4 30. c5 Qd8 31. exf4 Rh6 32. g3 Qf6 33. R1a2 Qxd4+ 34. Qxd4 1-0

[Event "*** Titled Tuesday Blitz"]
[Site "Chess.com"]
[Date "2020.12.01"]
[Round "5"]
[White "MasterKroket"]
[Black "sara_khm"]
[Result "0-1"]
[WhiteElo "2399"]
[BlackElo "2590"]
[TimeControl "180+1"]
[EndTime "10:53:40 PST"]
[Termination "sara_khm won by resignation"]

1. d4 Nf6 2. c4 e6 3. Nf3 b6 4. a3 Ba6 5. Qc2 c5 6. e3 cxd4 7. Nxd4 Be7 8. b4 O-O 9. Bb2 Bb7 10. Nd2 d5 11. c5 bxc5 12. bxc5 Nc6 13. Be2 Rc8 14. N2b3 Na5 15. Rc1 Ne4 16. Bd3 Nxc5 17.
Nxc5 Rxc5 18. Bxh7+ Kh8 19. Qb1 Nc4 20. Bd3 Ba6 21.
O-O Nd2 22. Bxa6 Nxb1 23. Rxb1 Bf6 24. a4 Qa5 25. Bb5 Rfc8 26. Ba3 Bxd4 27. exd4 Rc2 28. Bb4 Qc7 29. Bd3 Ra2 30. a5 Rxa5 31. Bxa5 Qxa5 32. Rfc1 Rxc1+ 33. Rxc1 g6 34. g3 Qd2 35. Rc8+ Kg7 36. Bb5 Qxd4 37. Rc7 Qb6 0-1

[Event "*** Titled Tuesday Blitz"]
[Site "Chess.com"]
[Date "2020.12.01"]
[Round "5"]
[White "tteshan"]
[Black "ZuchBolt"]
[Result "1-0"]
[WhiteElo "2374"]
[BlackElo "2179"]
[TimeControl "180+1"]
[EndTime "10:53:44 PST"]
[Termination "tteshan won by resignation"]

1. d4 d5 2. c4 c6 3. Nc3 Nf6 4. e3 a6 5. Nf3 Bf5 6. cxd5 cxd5 7. Qb3 Nc6 8. Qxb7 Bd7 9. Qb3 Rb8 10. Qd1 e6 11. Be2 Bd6 12. O-O O-O 13. a3 Na5 14. b4 Qc7 15. Bd2 Nc4 16. Bxc4 Qxc4 17. Qe2 Qxe2 18.
Nxe2 Ne4 19. Rfd1 Rfc8 20. Rac1 a5 21. bxa5 Bxa3 22. Rxc8+ Rxc8 23. Be1 Bb5 24. Ng3 Nc3 25.
Bxc3 Rxc3 26. Rb1 Rc1+ 27. Rxc1 Bxc1 28. Nf1 Ba3 29. N1d2 Bb4 30. Nb3 f6 31. Nfd2 Kf7 32.
f3 Ke7 33. Kf2 Kd6 34. e4 dxe4 35. Nxe4+ Kd5 36. Ke3 Ba4 37. a6 Kc6 38. Nbc5 Bb5 39. a7 1-0

[Event "*** Titled Tuesday Blitz"]
[Site "Chess.com"]
[Date "2020.12.01"]
[Round "5"]
[White "Juanovic"]
[Black "Skat2704"]
[Result "0-1"]
[WhiteElo "2166"]
[BlackElo "2349"]
[TimeControl "180+1"]
[EndTime "10:53:45 PST"]
[Termination "Skat2704 won by resignation"]

1. e4 c6 2. d4 d5 3. Nc3 dxe4 4. Nxe4 Nf6 5. Nxf6+ exf6 6. Nf3 Bd6 7. Bd3 Bg4 8. h3 Bh5 9. g4 Bg6 10. c3 O-O 11.
Bxg6 hxg6 12. Be3 Qa5 13. Qb3 b5 14. O-O Nd7 15. a4 Nb6 16. axb5 Qxb5 17. Qxb5 cxb5 18. Ra6 Rfd8 19. Rfa1 Na4 20. Bd2 Nxb2 21. Rxa7 Na4 22. Rb7 Rdb8 23. Rxb8+ Rxb8 24. Ne1 Nb2 25. Nc2 Nc4 26.
Bc1 Rc8 27. Rb1 Rb8 28. Ne3 Nxe3 29. Bxe3 Kf8 30. c4 bxc4 31. Rxb8+ Bxb8 32. Kf1 Ke7 33. Ke2 Ke6 34. Kd2 Kd5 35. Kc3 Bc7 36. Kc2 Bb6 37.
Kc3 f5 38. f3 f6 39. Bf2 fxg4 40. hxg4 f5 41. g5 Ba5+ 42. Kc2 Bc7 43. Be3 f4 44.
Bf2 Bd8 0-1

[Event "*** Titled Tuesday Blitz"]
[Site "Chess.com"]
[Date "2020.12.01"]
[Round "5"]
[White "ChelsieMonica"]
[Black "Savagelittlemole"]
[Result "1-0"]
[WhiteElo "2390"]
[BlackElo "2534"]
[TimeControl "180+1"]
[EndTime "10:53:46 PST"]
[Termination "ChelsieMonica won by resignation"]

1. c4 e5 2. Nc3 g6 3. g3 Bg7 4. Bg2 Nc6 5. Nf3 f5 6. O-O Nf6 7. d3 O-O 8. Bg5 h6 9. Bxf6 Bxf6 10. e4 d6 11. h3 Bg7 12. Nd5 Kh7 13. b4 Ne7 14. b5 c6 15. Nxe7 Qxe7 16. a4 Be6 17. Rb1 c5 18. a5 b6 19. Ra1 fxe4 20. dxe4 Bxc4 21. Re1 Bxb5 22. Qb3 a6 23. axb6 Rab8 24. Bf1 Rxb6 25. Bxb5 axb5 26. Kg2 Qf7 27. Qe3 b4 28. Nd2 b3 29. Rab1 b2 30. Re2 Rb4 31. Nf1 Qa2 32.
Qd3 Rd4 33. Qc2 Qf7 34. Rxb2 Qf3+ 35. Kg1 h5 36. Nh2 Qf7 37. Re3 Bh6 38. Rf3 Qg7 39.
Rxf8 Qxf8 40. Rb7+ Bg7 41. Kg2 Qa8 42. Qb1 c4 43.
Nf3 Rd3 44. Ng5+ Kg8 45. Rb8+ Qxb8 46. Qxb8+ Bf8 47. Qc7 Rd4 48. Qf7+ 1-0

[Event "*** Titled Tuesday Blitz"]
[Site "Chess.com"]
[Date "2020.12.01"]
[Round "5"]
[White "RaphCamora"]
[Black "politeplayer"]
[Result "1-0"]
[WhiteElo "2433"]
[BlackElo "2247"]
[TimeControl "180+1"]
[EndTime "10:53:47 PST"]
[Termination "RaphCamora won by resignation"]

1. e4 e6 2. b3 c5 3. Bb2 b6 4. Nc3 Bb7 5. Nf3 Nc6 6. Bc4 a6 7.
a4 Nf6 8. O-O Qc7 9. Re1 Bd6 10.
h3 g5 11. Nd5 exd5 12. exd5+ Ne5 13. d4 cxd4 14. Bxd4 O-O-O 15. Nxe5 Nxd5 16. Bxd5 Bxd5 17. Bxb6 Qxb6 18. Qxd5 Bxe5 19. Rxe5 Kb8 20. Rae1 h6 21. Re7 Qb4 22. R1e4 Qc3 23. Qd6+ Kb7 24. Rc4 Qa1+ 25.
Kh2 Qf1 26. Rc7+ Ka8 27. Qd5+ 1-0

[Event "*** Titled Tuesday Blitz"]
[Site "Chess.com"]
[Date "2020.12.01"]
[Round "5"]
[White "Smile2005"]
[Black "ondoko"]
[Result "1-0"]
[WhiteElo "2321"]
[BlackElo "2106"]
[TimeControl "180+1"]
[EndTime "10:53:48 PST"]
[Termination "Smile2005 won on time"]

1. Nf3 d5 2. g3 g6 3. Bg2 Bg7 4. O-O e5 5. d3 Ne7 6. e4 c6 7.
Nbd2 O-O 8. b3 h6 9. Re1 dxe4 10. dxe4 Qc7 11. Bb2 Be6 12. c3 Rd8 13. Qc2 Nd7 14. Bf1 b5 15. a4 a6 16. b4 bxa4 17. Qxa4 c5 18. b5 Nb6 19. Qc2 axb5 20. Bxb5 g5 21.
Kg2 Ng6 22. Rxa8 Rxa8 23. Rd1 c4 24. Ra1 Rxa1 25. Bxa1 Qc5 26. Qb1 g4 27. Ne1 h5 28.
Nc2 h4 29. Ne3 h3+ 30. Kg1 Nf4 31. Qb4 Qxb4 32. cxb4 Nd3 33. Ndxc4 Nxc4 34. Bxc4 Bxc4 35. Nxc4 Nxb4 36. Bxe5 Nd3 37. Bxg7 Kxg7 38. Ne3 Ne5 39. Kf1 Kg6 40. Ke2 Kg5 41. Nf1 Nf3 42. Ke3 f6 43. Kd3 f5 44. Ke3 1-0

[Event "*** Titled Tuesday Blitz"]
[Site "Chess.com"]
[Date "2020.12.01"]
[Round "5"]
[White "Mazetovic"]
[Black "sergeikim"]
[Result "1-0"]
[WhiteElo "2721"]
[BlackElo "2525"]
[TimeControl "180+1"]
[EndTime "10:53:50 PST"]
[Termination "Mazetovic won by resignation"]

1. e4 e5 2. Nf3 Nc6 3. Bb5 a6 4. Bxc6 dxc6 5. O-O f6 6. d4 exd4 7. Nxd4 Ne7 8. Nc3 Ng6 9. Be3 Bb4 10. Nce2 O-O 11.
Ng3 Re8 12. c3 Bd6 13. f3 Be5 14. Ndf5 Bf4 15. Bxf4 Nxf4 16. Qxd8 Rxd8 17. Rfd1 Bxf5 18. Nxf5 Nd3 19. Rd2 Ne5 20. Rad1 Rxd2 21. Rxd2 g6 22. Ne3 Rc8 23. Kf2 Kf8 24. h4 Ke7 25. g4 a5 26. f4 Nf7 27. Kf3 a4 28. g5 b5 29. Ng4 f5 30. exf5 gxf5 31. Re2+ Kf8 32. Nf6 h6 33. Nd7+ Kg7 34. Re7 Rd8 35. Ne5 1-0

[Event "*** Titled Tuesday Blitz"]
[Site "Chess.com"]
[Date "2020.12.01"]
[Round "5"]
[White "Sviridov_Valery"]
[Black "Sashadav97"]
[Result "1-0"]
[WhiteElo "2915"]
[BlackElo "2629"]
[TimeControl "180+1"]
[EndTime "10:53:51 PST"]
[Termination "Sviridov_Valery won by resignation"]

1. Nf3 d5 2. g3 Nd7 3. d4 Nb6 4. Bg2 Bf5 5. a4 a5 6. O-O e6 7. Nbd2 Nf6 8. Nh4 Be7 9. Nxf5 exf5 10. c3 O-O 11. Nf3 c6 12. Qb3 Ne4 13. Ne5 Nd6 14. Nd3 Re8 15. Qc2 Bf8 16. Bf4 g6 17. Nc5 Ra7 18. Rfe1 Ne4 19. Nd3 Bd6 20. Bh6 Bf8 21. Bc1 h5 22. f3 Nf6 23. Bg5 Be7 24. b3 Nh7 25. Bf4 Bd6 26. e4 dxe4 27. fxe4 fxe4 28. Bxe4 Bxf4 29. Nxf4 Ng5 30. Bg2 Kg7 31. Rxe8 Qxe8 32. Qd2 Nh7 33. Re1 Qd7 34. d5 c5 35. d6 Nf6 36. Re7 Qf5 37. Ne6+ Kg8 38. Qh6 1-0